Map: Blueshift LE

Players

ShoWTimE

  • Race: Protoss Protoss
  • Spawn Location: 1:00

Zest - Winner!

  • Race: Protoss Protoss
  • League: Master
  • Spawn Location: 7:00

Event: HomeStory Cup XVIII

VOD

Have the link to the VOD?

Description

Time

  • Played on: Nov. 24, 2018, 1:53 p.m.
  • Length: 10:56

All games in this series

Show
View Real Time Build Order
Export as new Build Order

ShoWTimE Protoss 

Build Orders: Phoenix Opening 

Get SALT Encoding   

  12  0:00  Probe  
  13  0:12  Probe  
  14  0:17  Pylon  
  14  0:23  Probe  
  15  0:32  Probe  
  15  0:36  Gateway  
  15  0:40  Probe  
  16  0:46  Assimilator  
  17  0:50  Probe  
  17  0:54  Assimilator  
  18  0:58  Probe  
  19  1:06  Probe  
  19  1:11  Gateway  
  20  1:17  Probe  
  20  1:24  Cybernetics Core  
  21  1:29  Probe  
  22  1:35  Pylon  
  22  1:41  Probe  
  23  1:53  Probe  
  24  1:55  Warp Gate  
  24  2:00  Sentry, Stalker  
  28  2:16  Pylon  
  28  2:33  Stalker  
  28  2:34  Stalker  
  31  2:37  Phoenix  
  31  2:54  Nexus  
  31  3:03  Stalker  
  33  3:08  Probe  
  33  3:09  Stalker  
  36  3:16  Probe  
  36  3:26  Probe  
  37  3:29  Pylon  
  37  3:32  Shield Battery  
  38  3:40  Probe  
  39  3:52  Probe  
  40  3:59  Stalker x2  
  44  4:04  Probe  
  44  4:07  Probe  
  45  4:14  Pylon  
  45  4:23  Stalker x2  
  48  4:24  Probe  
  48  4:28  Probe  
  48  4:36  Probe  
  45  4:40  Probe  
  44  4:46  Stalker  
  44  4:48  Stalker  
  44  4:49  Probe  
  49  4:54  Probe  
  48  5:01  Probe  
  48  5:07  Probe  
  44  5:08  Stalker  
  44  5:13  Probe  
  45  5:14  Stalker  
  44  5:27  Gateway  
  41  5:29  Sentry  
  41  5:33  Shield Battery  
  43  5:40  Twilight Council  
  43  5:41  Probe  
  44  5:43  Sentry  
  44  5:44  Phoenix  
  44  5:45  Probe  
  44  5:48  Pylon  
  47  5:50  Blink  
  47  5:53  Probe  
  47  5:54  Probe  
  48  5:57  Sentry  
  48  6:00  Pylon  
  48  6:02  Probe  
  51  6:05  Probe  
  53  6:14  Shield Battery, Stalker, Probe  
  53  6:16  Phoenix  
  56  6:21  Stalker  
  56  6:25  Stalker  
  60  6:30  Probe x2  
  60  6:32  Shield Battery  
  62  6:39  Stalker  
  64  6:48  Stalker  
  63  6:56  Stalker  
  63  7:01  Probe x2  
  67  7:02  Assimilator  
  67  7:05  Pylon  
  67  7:06  Assimilator  
  67  7:08  Forge  
  67  7:09  Robotics Facility  
  67  7:13  Probe  
  67  7:14  Probe  
  69  7:16  Pylon  
  69  7:20  Phoenix  
  69  7:21  Protoss Ground Weapons Level 1  
  68  7:37  Nexus  
  68  7:38  Pylon, Gateway x2  
  68  7:41  Charge  
  67  7:56  Gateway x2  
  67  7:57  Observer  
  68  8:00  Gateway  
  68  8:05  Templar Archives  
  68  8:18  Immortal  
  72  8:21  Zealot  
  74  8:33  Probe x2  
  76  8:44  High Templar x2, Zealot x2  
  76  8:45  Zealot  
  86  8:49  Pylon, Archon  
  86  8:55  Photon Cannon  
  86  9:07  Zealot x5  
  96  9:12  High Templar  
  96  9:15  Pylon  
  98  9:17  High Templar  
  98  9:23  Archon  
  98  9:24  Pylon  
  100  9:33  Pylon  
  100  9:34  Zealot  
  100  9:35  Zealot x2  
  106  9:40  Warp Prism  
  108  9:48  Zealot x2  
  112  10:01  Zealot x4  
  118  10:11  High Templar x4  
  118  10:13  Pylon  
  126  10:15  Archon  
  116  10:31  High Templar  
  116  10:32  Archon  
  116  10:33  Zealot x3  
  110  10:44  Zealot x3  
  110  10:49  Zealot  
  94  10:53  Zealot x3  
Show
View Real Time Build Order
Export as new Build Order

Zest Protoss - Winner!

Build Orders: Oracle Opening, Phoenix Opening 

Get SALT Encoding   

  12  0:00  Probe  
  13  0:12  Probe  
  14  0:17  Pylon  
  14  0:24  Probe  
  15  0:32  Probe  
  15  0:36  Gateway  
  15  0:40  Probe  
  16  0:46  Assimilator  
  17  0:51  Probe  
  17  0:54  Assimilator  
  18  0:59  Probe  
  19  1:07  Gateway, Probe  
  19  1:17  Probe  
  20  1:24  Cybernetics Core  
  21  1:29  Probe  
  22  1:37  Pylon  
  22  1:41  Probe  
  23  1:55  Probe  
  24  2:01  Stalker  
  24  2:02  Sentry, Warp Gate  
  28  2:12  Pylon  
  28  2:25  Pylon  
  28  2:32  Stargate  
  28  2:34  Phoenix  
  27  2:45  Nexus  
  27  2:53  Stalker  
  29  3:04  Probe  
  32  3:06  Oracle  
  32  3:17  Probe  
  36  3:27  Pylon  
  34  3:29  Probe  
  35  3:34  Oracle  
  35  3:41  Probe  
  36  3:44  Pylon  
  39  3:53  Probe  
  39  3:54  Probe  
  41  4:03  Probe  
  41  4:04  Adept x2  
  41  4:05  Probe  
  47  4:12  Probe  
  48  4:17  Probe  
  47  4:29  Stalker x2  
  43  4:41  Probe  
  39  4:48  Gateway  
  39  4:51  Stalker  
  39  4:52  Stalker  
  41  5:02  Probe  
  41  5:06  Probe  
  36  5:09  Stalker  
  38  5:14  Probe  
  38  5:15  Stalker  
  38  5:20  Oracle  
  39  5:22  Probe  
  39  5:26  Probe  
  41  5:34  Probe  
  45  5:39  Adept  
  45  5:40  Adept  
  49  5:44  Probe  
  49  5:46  Probe  
  49  5:48  Oracle  
  51  5:50  Pylon  
  51  5:57  Probe  
  52  5:59  Probe  
  56  6:09  Robotics Facility  
  56  6:11  Probe x2  
  58  6:23  Probe x2  
  60  6:30  Pylon  
  60  6:32  Assimilator  
  60  6:35  Forge, Probe x2  
  60  6:37  Assimilator  
  62  6:43  Protoss Ground Weapons Level 1  
  62  6:47  Probe  
  62  6:48  Probe  
  62  6:49  Immortal  
  62  6:51  Pylon  
  68  7:01  Gateway, Sentry x2  
  68  7:02  Gateway  
  68  7:07  Gateway  
  72  7:15  Pylon  
  72  7:30  Observer  
  73  7:37  Twilight Council  
  73  7:39  Nexus  
  73  7:40  Pylon  
  73  7:52  Immortal  
  77  8:04  Charge  
  77  8:13  Probe x2  
  77  8:16  Protoss Ground Weapons Level 2  
  79  8:26  Templar Archives  
  79  8:31  Immortal  
  79  8:33  Zealot x4  
  79  8:34  Zealot x2  
  95  8:35  Pylon  
  95  8:36  Pylon  
  95  8:39  Probe x2  
  96  9:09  Warp Prism, High Templar x2  
  100  9:10  Zealot x4  
  100  9:13  Archon  
  100  9:15  Gateway  
  110  9:19  Gateway  
  110  9:23  Pylon  
  110  9:31  Pylon  
  110  9:35  High Templar x2, Zealot  
  110  9:36  Zealot  
  118  9:40  Archon  
  118  9:49  High Templar  
  118  9:51  High Templar  
  122  9:52  Pylon  
  122  9:53  Pylon  
  122  9:55  Archon  
  122  10:01  Zealot x2  
  126  10:12  Photon Cannon  
  126  10:13  Pylon  
  126  10:15  Pylon  
  126  10:22  High Templar x2, Zealot x5  
  126  10:26  Archon  
  140  10:30  Zealot  
  138  10:49  Zealot  
  122  10:50  Zealot x5  
Tags
 
Add a new tag
Caveats
  • Supply blocks, unpowered buildings, or Contaminate may cause inaccurate times.
  • Supply counts are checked every 10 seconds.